 Dungeon Crawl Stone Soup version 0.27.1-2-g3b301248ec (webtiles) character file.

Game seed: 11371839034581426746

38 babuloseo the Skirmisher (level 3, 0/29 HPs)
             Began as a Human Fighter on Sept 23, 2021.
             Slain by a goblin (2 damage)
             ... led by Robin
             ... on level 2 of the Dungeon.
             The game lasted 00:01:20 (746 turns).

babuloseo the Skirmisher (Human Fighter)             Turns: 746, Time: 00:01:21

Health: 0/29       AC:  6    Str: 17    XL:     3   Next: 65%
Magic:  3/3        EV:  7    Int:  8    God:
Gold:   39         SH:  9    Dex: 12    Spells: 2/2 levels left

rFire    . . .     SeeInvis .   a - +0 long sword
rCold    . . .     Faith    .   c - +0 kite shield
rNeg     . . .     Spirit   .   b - +0 scale mail
rPois    .         Reflect  .   (no helmet)
rElec    .         Harm     .   (no cloak)
rCorr    .         Rampage  .   (no gloves)
Will     .....                  (no boots)
Stlth    ..........             (no amulet)
HPRegen  0.09/turn              (no ring)
MPRegen  0.08/turn              (no ring)

@: mighty
A: no striking features
a: no special abilities


You were on level 2 of the Dungeon.
You visited 1 branch of the dungeon, and saw 2 of its levels.

You collected 39 gold pieces.

Inventory:

Hand Weapons
 a - a +0 long sword (weapon)
Armour
 b - a +0 scale mail (worn)
 c - a +0 kite shield (worn)
Scrolls
 f - a scroll of magic mapping {unknown}
 h - a scroll of blinking {unknown}
 i - a scroll of identify {unknown}
 j - a scroll of immolation {unknown}
 k - a scroll of holy word {unknown}
Potions
 g - a potion of lignification {unknown}
 l - a potion of degeneration {unknown}
 m - a potion of attraction {unknown}


   Skills:
 + Level 3.3 Fighting
 * Level 2.8 Long Blades
 - Level 3.0 Armour
 + Level 1.1 Dodging
 + Level 3.3 Shields


You had 2 spell levels left.
You didn't know any spells.
Your spell library was empty.

Dungeon Overview and Level Annotations

Branches:
Dungeon (2/15)

Altars:


Message History

You kill the hobgoblin!
Your Dodging skill increases to level 1!
No target in view!
No target in view!
m - a bubbling clear potion Unknown command.
As you read the scroll labelled FOSAAQIVOIN, it crumbles to dust.
You feel strangely unstable.
It was a scroll of teleportation.
Found a dagger.
Your surroundings suddenly seem different. 4 goblins, 2 hobgoblins and Robin come into view.
Found 9 gold pieces and a book of the Hunter.
The goblin shouts! x3; The hobgoblin shouts!
The goblin shouts!
The hobgoblin shouts!
You block the goblin's attack.
A kobold comes into view. It is wielding a +0 dagger.
Robin throws the goblin at you!
You feel very mighty all of a sudden. The goblin hits you but does no damage.
The goblin barely misses you.
You hit the goblin.
You kill the goblin!
Robin roars a battlecry!
The goblins go into a battle-frenzy!
The goblin hits you with a +0 dagger.
You barely miss the goblin. You block the goblin's attack. x2
Robin throws the goblin at you! You block the goblin's attack. x2
Robin hits you with a +0 spear.
Items here: ( )) †.
You slash Robin!
You kill Robin!
You block the goblin's attack. The hobgoblin hits you.
You barely miss the hobgoblin. The goblin hits you with a +0 club.
The hobgoblin hits you.
* * * LOW HITPOINT WARNING * * *
The goblin hits you with a +0 club.
* * * LOW HITPOINT WARNING * * *
You hit the hobgoblin.
You kill the hobgoblin!
The goblin hits you with a +0 club.
You die...

##### .....
...... ..$:..
#...... .......
#########.......
....g.g@gg......
#########K......
###+###


You could see a hobgoblin (strong), 3 goblins and a kobold.

Vanquished Creatures
  Robin (D:2)
  2 dart slugs (D:1)
  3 ball pythons (D:1)
  2 endoplasms (D:1)
  A giant cockroach (D:1)
  4 goblins
  5 hobgoblins
  A quokka (D:1)
  2 frilled lizards (D:1)
  2 rats (D:1)
23 creatures vanquished.

Notes
Turn   | Place    | Note
-------+----------+-------------------------------------------
     0 | D:1      | babuloseo the Human Fighter began the quest for the Orb.
     0 | D:1      | Reached XP level 1. HP: 18/18 MP: 1/1
    81 | D:1      | Reached XP level 2. HP: 24/24 MP: 2/2
   184 | D:1      | Reached XP level 3. HP: 16/29 MP: 3/3
   734 | D:2      | Reached skill level 1 in Dodging
   739 | D:2      | Noticed Robin
   744 | D:2      | Killed Robin
   746 | D:2      | Slain by a goblin

Illustrated notes

Levels and vault maps discovered:
D:1:      amcnicky_arrival_abandoned_market, layout_rooms, dk_noncrumbling_4,
          minmay_close_crescents
D:2:      layout_basic, hellmonk_ecumenical_altar_lost_god,
          cheibrodos_gnoll_hut, uniq_robin

Skill      XL: |  1  2  3 |
---------------+----------+-----
Dodging        | 1 |  1.1
Fighting       | |  3.3
Long Blades    | |  2.8
Armour         | |  3.0
Shields        | |  3.3

Action                   || total
-------------------------++-------
Melee: Long sword        ||    63
  Use: Scroll            ||     1
       Potion            ||     1
Armor: Scale mail        ||    24
Dodge: Dodged            ||    20
Block: Kite shield       ||    36
       Rpst.: Long sword ||     4
